 Dungeon Crawl Stone Soup version 0.28.0-53-g5a82cb258f (webtiles) character file.

Game seed: 18160324676275456709

11406 Tirrikindir the Grappler (level 11, -13/107 HPs)
             Began as a Troll Fighter on Aug 7, 2022.
             Was a High Priest of Cheibriados.
             Mangled by a reaper
             ... wielding a +2 scythe of freezing
              (40 damage)
             ... in an ice cave.
             The game lasted 00:28:13 (7343 turns).

Tirrikindir the Grappler (Troll Fighter)            Turns: 7343, Time: 00:28:13

Health: -13/107    AC: 13    Str: 42    XL:     11   Next: 48%
Magic:  0/12       EV: 11    Int: 18    God:    Cheibriados [*****.]
Gold:   711        SH: 18    Dex: 27    Spells: 10/10 levels left

rFire   . . .      SeeInvis .     - Unarmed
rCold   + . .      Faith    .   f - +0 tower shield
rNeg    . . .      Spirit   +   E - +0 troll leather armour
rPois   .          Reflect  .   (helmet restricted)
rElec   .          Harm     .   i - +2 cloak
rCorr   .          Rampage  .   (gloves unavailable)
Will    .....                   (boots unavailable)
Stlth   ++........              r - amulet of guardian spirit
HPRegen 1.87/turn               B - ring of protection from cold
MPRegen 0.13/turn               u - +4 ring of protection

@: on berserk cooldown, slowed, invisible, very slow
A: large, unfitting armour, claws 3, regeneration 1, shaggy fur 1, tough skin 1,
hooves 1, low MP 1, strong 1
a: Renounce Religion, Bend Time, Temporal Distortion, Slouch, Step From Time


You were in an ice cave.
You worshipped Cheibriados.
Cheibriados was extremely pleased with you.
You visited 2 branches of the dungeon, and saw 12 of its levels.
You also visited: Ice Cave.

You collected 711 gold pieces.

Inventory:

Hand Weapons
 a - a +1 scimitar of flaming
Missiles
 d - 18 poisoned darts (quivered)
Armour
 b - a +0 kite shield
 f - a +0 tower shield (worn)
 i - a +2 cloak (worn)
 E - a +0 troll leather armour (worn)
Jewellery
 o - a ring of see invisible
 r - an amulet of guardian spirit (around neck)
 u - a +4 ring of protection (right claw)
 v - a ring of resist corrosion
 w - a ring of willpower
 A - a ring of willpower
 B - a ring of protection from cold (left claw)
 C - a ring of fire
Wands
 h - a wand of polymorph (4)
 p - a wand of paralysis (7)
 q - a wand of flame (22)
 y - a wand of iceblast (10)
Scrolls
 g - 2 scrolls of magic mapping
 k - 4 scrolls of torment
 l - 5 scrolls of teleportation
 m - a scroll of fog
 s - 2 scrolls of blinking
 F - a scroll of vulnerability {unknown}
Potions
 c - 5 potions of might
 e - a potion of brilliance
 j - a potion of haste
 n - a potion of lignification
 t - a potion of berserk rage
 x - a potion of invisibility
 z - a potion of ambrosia {unknown}
 D - a potion of flight {unknown}
 G - a potion of heal wounds {unknown}
Miscellaneous
 H - a condenser vane


   Skills:
 + Level 6.7 Fighting
 - Level 3.0 Throwing
 + Level 2.7 Armour
 + Level 5.0 Dodging
 + Level 1.9 Stealth
 + Level 6.7 Shields
 + Level 10.6 Unarmed Combat
 + Level 5.1 Invocations
 + Level 3.3 Evocations


You had 10 spell levels left.
You didn't know any spells.
Your spell library contained the following spells:

 Spells                   Type           Power      Damage    Failure   Level
 Foxfire                  Conj/Fire      0%         2x1d4     77%         1
 Magic Dart               Conj           0%         1d3       77%         1
 Call Imp                 Summ           0%         N/A       88%         2
 Sublimation of Blood     Necr           0%         N/A       88%         2
 Conjure Flame            Conj/Fire      0%         6-21      98%         3
 Inner Flame              Hex/Fire       0%         N/A       98%         3
 Mephitic Cloud           Conj/Pois/Air  0%         N/A       98%         3
 Tukima's Dance           Hex            0%         N/A       98%         3
 Airstrike                Air            0%         N/A       100%        4
 Flame Wave               Conj/Fire      0%         2d4       100%        4
 Passage of Golubria      Tloc           0%         N/A       100%        4
 Petrify                  Tmut/Erth      0%         N/A       100%        4
 Summon Lightning Spire   Summ/Air       0%         N/A       100%        4
 Irradiate                Conj/Tmut      0%         3d13      100%        5
 Lightning Bolt           Conj/Air       0%         1d11      100%        5
 Yara's Violent Unravell  Hex/Tmut       0%         3d3       100%        5


Dungeon Overview and Level Annotations

Branches:
Dungeon (11/15)            Temple (1/1) D:6           IceCv (1/1)
   Lair: D:8-11         Orc: D:9-12

Altars:
Ashenzari
Cheibriados
Dithmenos
Elyvilon
Fedhas
Gozag
Hepliaklqana
Kikubaaqudgha
Makhleb
Nemelex Xobeh
Okawaru
Qazlal
Ru
Sif Muna
Trog
Uskayaw
Vehumet
Wu Jian
Xom
Yredelemnul
Zin
The Shining One

Shops:
D:10 (


Innate Abilities, Weirdness & Mutations

You are too large for most types of armour.
You have claws for hands.
Your natural rate of healing is unusually fast.
You are covered in fur. (AC +1)
You have tough skin. (AC +1)
You have large cloven feet.
Your magical capacity is low. (-10% MP)
Your muscles are strong. (Str +2)


Message History

The reaper hits you with a +2 scythe of freezing!!!
The reaper freezes you. You block the reaper's attack.
You scratch the reaper but do no damage.
You kick the reaper, but do no damage.
The reaper is heavily wounded.
The ufetubus hits you.
The ufetubus hits you but does no damage.
The reaper hits you with a +2 scythe of freezing!!
* * * LOW HITPOINT WARNING * * *
The reaper freezes you.
* * * LOW HITPOINT WARNING * * *
You block the ufetubus's attack.
The ufetubus hits you but does no damage.
You block the reaper's attack. You block the ufetubus's attack.
The ufetubus completely misses you.
You scratch the reaper but do no damage.
You kick the reaper.
The reaper is heavily wounded.
A wolf simulacrum comes into view.
You block the ufetubus's attack. x2; You block the reaper's attack.
The ufetubus hits you but does no damage. x2
The reaper hits you with a +2 scythe of freezing!
* * * LOW HITPOINT WARNING * * *
The reaper freezes you.
* * * LOW HITPOINT WARNING * * *
You barely miss the reaper. You kick the reaper, but do no damage.
The reaper is heavily wounded.
The wolf simulacrum closely misses you. You block the ufetubus's attack.
The ufetubus closely misses you.
The wolf simulacrum bites you but does no damage.
The ufetubus hits you.
* * * LOW HITPOINT WARNING * * *
The ufetubus barely misses you. You block the reaper's attack.
The wolf simulacrum closely misses you. You block the ufetubus's attack.
The ufetubus closely misses you.
You fade into invisibility!
You block the ufetubus's attack. The ufetubus barely misses you.
You block the wolf simulacrum's attack.
The reaper hits you with a +2 scythe of freezing!!!
You die...

## ... ....###§ ...
#...#§§§ # .. #...#§§○°
.# #.##
#...#§§☼####..#.[ ##..#
#....§§☼Z5......[
.##...###§.#§○§§@2Z...#
......#§#§§##.§#§#..#.#
#....§○§.#.##.#Z.#
#..#..#§...#..##..#
#..##.##..##...#.##
##..####.......###
#...## ##......# ##...#
#.....## ##..## ##...##


You could see a reaper, a wolf simulacrum, a naga simulacrum and an ufetubus.

Vanquished Creatures
  Erica (D:9)
  2 two-headed ogres
  Maurice (D:10)
  Joseph (D:9)
  2 ice statues (IceCv)
  5 ice devils (IceCv)
  An anaconda simulacrum (IceCv)
  A troll (D:9)
  A hornet (D:9)
  Sigmund (D:2)
  A shadow (D:10)
  4 yaks (D:9)
  2 wraiths
  Eustachio (D:6)
  2 death yak simulacra (IceCv)
  Menkaure (D:6)
  A water moccasin (D:6)
  4 orc warriors
  An ice beast (D:6)
  A sky beast (D:8)
  A hornet zombie (D:7)
  2 black bears
  3 ogres
  3 centaurs
  A phantom (D:6)
  2 kobold brigands
  A bullfrog (D:6)
  Blork the orc (D:4)
  A gnoll sergeant (D:10)
  6 scorpions
  A cane toad simulacrum (IceCv)
  3 two-headed ogre simulacra (IceCv)
  A water moccasin skeleton (D:5)
  9 killer bees
  A howler monkey (D:6)
  18 wights
  5 electric eels (D:9)
  2 centaur zombies
  3 hounds
  5 orc priests
  Crazy Yiuf (D:4)
  2 bullfrog zombies
  A jelly (D:7)
  A gnoll shaman (D:8)
  4 iguanas
  A bullfrog skeleton (D:4)
  4 orc wizards
  A spriggan simulacrum (IceCv)
  A troll simulacrum (IceCv)
  3 gnolls (D:8)
  6 adders
  2 naga simulacra (IceCv)
  A white imp (D:7)
  An ufetubus (D:4)
  An adder skeleton (D:4)
  A worm (D:5)
  5 dart slugs
  25 orcs
  9 ball pythons
  2 endoplasms
  2 giant cockroaches
  5 goblins
  5 hobgoblins
  6 jackals
  10 kobolds
  5 quokkas
  6 frilled lizards
  4 rats
218 creatures vanquished.

Vanquished Creatures (others)
  An orc wizard (D:9)
1 creature vanquished.

Grand Total: 219 creatures vanquished

Notes
Turn   | Place    | Note
-------+----------+-------------------------------------------
     0 | D:1      | Tirrikindir the Troll Fighter began the quest for the Orb.
     0 | D:1      | Reached XP level 1. HP: 22/22 MP: 0/0
   181 | D:1      | Reached XP level 2. HP: 14/29 MP: 1/1
   226 | D:1      | You fall into a shaft and drop 1 floor!
   237 | D:2      | Found a faded altar of an unknown god.
   262 | D:2      | Prayed at the altar of an unknown god.
   262 | D:2      | Became a worshipper of Cheibriados the Contemplative
   262 | D:2      | Reached * piety under Cheibriados
   470 | D:1      | Reached XP level 3. HP: 34/36 MP: 2/2
   898 | D:2      | Noticed Sigmund
   919 | D:2      | Killed Sigmund
   920 | D:2      | Reached skill level 3 in Unarmed Combat
   920 | D:2      | Reached skill level 1 in Invocations
   920 | D:2      | Reached XP level 4. HP: 43/45 MP: 3/3
   920 | D:2      | Reached XP level 5. HP: 50/53 MP: 4/4
   921 | D:2      | Reached ** piety under Cheibriados
  1900 | D:4      | Reached XP level 6. HP: 56/61 MP: 6/6
  1900 | D:4      | Noticed Blork the orc
  1914 | D:4      | Killed Blork the orc
  1947 | D:4      | Reached skill level 4 in Unarmed Combat
  1979 | D:4      | Reached XP level 7. HP: 68/68 MP: 7/7
  2120 | D:4      | Reached *** piety under Cheibriados
  2235 | D:4      | Found a hazy altar of Hepliaklqana.
  2238 | D:4      | Found a shimmering altar of Xom.
  2238 | D:4      | Found a stormy altar of Qazlal.
  2331 | D:4      | Found a runed translucent door.
  2332 | D:4      | Noticed Crazy Yiuf
  2338 | D:4      | Killed Crazy Yiuf
  2588 | D:5      | Entered Level 5 of the Dungeon
  2782 | D:5      | Reached XP level 8. HP: 79/79 MP: 8/8
  2896 | D:5      | Reached skill level 5 in Unarmed Combat
  3121 | D:5      | Reached **** piety under Cheibriados
  3134 | D:5      | Reached skill level 5 in Fighting
  3211 | D:5      | Gained mutation: You have large cloven feet. [potion of
                  | mutation]
  3211 | D:5      | Gained mutation: Your muscles are strong. (Str +2) [potion
                  | of mutation]
  3211 | D:5      | Gained mutation: Your magical capacity is low. (-10% MP)
                  | [potion of mutation]
  3468 | D:6      | Reached skill level 5 in Shields
  3475 | D:6      | Reached skill level 1 in Evocations
  3531 | D:6      | Noticed Menkaure
  3537 | D:6      | Killed Menkaure
  3538 | D:6      | Reached skill level 6 in Unarmed Combat
  3670 | D:6      | Reached XP level 9. HP: 85/88 MP: 9/9
  3696 | D:6      | Found a staircase to the Ecumenical Temple.
  3706 | Temple   | Entered the Ecumenical Temple
  4356 | D:6      | Noticed Eustachio
  4398 | D:6      | Killed Eustachio
  4650 | D:7      | Reached skill level 7 in Unarmed Combat
  5066 | D:8      | Reached skill level 8 in Unarmed Combat
  5078 | D:8      | Reached ***** piety under Cheibriados
  5127 | D:8      | Found a burning altar of Makhleb.
  5907 | D:9      | Noticed a troll
  5917 | D:9      | Killed a troll
  5918 | D:9      | Reached skill level 9 in Unarmed Combat
  5918 | D:9      | Reached XP level 10. HP: 87/98 MP: 10/10
  5993 | D:9      | Noticed Erica
  6016 | D:9      | Killed Erica
  6017 | D:9      | Reached skill level 10 in Unarmed Combat
  6032 | D:9      | Noticed a two-headed ogre
  6041 | D:9      | Killed a two-headed ogre
  6045 | D:9      | Noticed Joseph
  6054 | D:9      | Killed Joseph
  6055 | D:9      | Reached skill level 1 in Throwing
  6055 | D:9      | Reached skill level 1 in Armour
  6123 | D:9      | Paralysed by a hornet for 3 turns
  6147 | D:9      | Reached skill level 1 in Stealth
  6582 | D:10     | Entered Level 10 of the Dungeon
  6636 | D:10     | Noticed Maurice
  6650 | D:10     | Killed Maurice
  6678 | D:10     | Reached XP level 11. HP: 107/107 MP: 12/12
  6703 | D:10     | Identified the +2 leather armour of Yesterday {Rampage
                  | rElec rPois}
  6721 | D:10     | Found Cagy's Weapon Emporium.
  6914 | D:10     | Noticed a two-headed ogre
  6933 | D:10     | Killed a two-headed ogre
  7084 | D:11     | Found a frozen archway.
  7089 | IceCv    | Entered an ice cave
  7230 | IceCv    | Reached skill level 5 in Invocations
  7273 | IceCv    | Reached skill level 5 in Dodging
  7328 | IceCv    | Identified the ring "Vihoev" {rC+ Dex+7}
  7328 | IceCv    | Noticed a reaper
  7343 | IceCv    | Mangled by a reaper

Illustrated notes

Levels and vault maps discovered:
D:1:      psy_arrival_heroes, layout_basic, chequers_arboretum, minmay_cupped
D:2:      layout_basic, nicolae_ecumenical_pavilion, uniq_sigmund
D:3:      layout_rooms
D:4:      layout_loops_ring, grunt_temple_overflow_open, uniq_blork_the_orc,
          uniq_crazy_yiuf_cottage
D:5:      layout_loops_ring, minmay_joined_circles
D:6:      layout_loops_ring, minmay_temple_entry_statues_fountains,
          uniq_eustachio, uniq_menkaure
D:7:      layout_rooms
D:8:      layout_basic, overflow_temple_1_default
D:9:      layout_rooms, kennysheep_boxes, uniq_erica, uniq_joseph
D:10:     layout_rooms, serial_shops, nicolae_shop_bloodbath_and_beyond,
          st_stairs_9, uniq_maurice
D:11:     layout_basic, david_lair_shrubbed, portal_ice_cave_entry_pillars_2,
          serial_shops, shop, hellmonk_bongcloud_opening,
          nicolae_hepliaklqana_monster_ancestors
Temple:   dpeg_five_rooms_temple
IceCv:    ice_cave_small_demon

Skill      XL: |  1  2  3  4  5  6  7  8  9 10 11 |
---------------+----------------------------------+-----
Fighting       | 3 4 5 6 |  6.7
Shields        | 3 4 5 6 |  6.7
Unarmed Combat | 3 4 6 9 10 | 10.6
Invocations    | 1 2 3 4 5 |  5.1
Dodging        | 3 4 5 |  5.0
Evocations     | 1 2 3 |  3.3
Throwing       | 2 3 |  3.0
Armour         | 1 2 |  2.7
Stealth        | 1 |  1.9

Action                   |  1- 3 |  4- 6 |  7- 9 | 10-12 || total
-------------------------+-------+-------+-------+-------++-------
Melee: Unarmed           |    93 |    74 |   273 |   207 ||   647
       Kick              |       |       |    40 |    72 ||   112
Throw: Dart              |       |     1 |     5 |     9 ||    15
Invok: Slouch            |       |       |     1 |       ||     1
  Use: Scroll            |     6 |     1 |     6 |     1 ||    14
       Potion            |       |       |     9 |     4 ||    13
 Stab: Sleeping          |     2 |     2 |     3 |     1 ||     8
Armor: Robe              |    31 |     6 |    99 |       ||   136
       Troll leather arm |       |       |       |    45 ||    45
Dodge: Dodged            |    37 |    24 |   116 |    63 ||   240
Block: Kite shield       |    24 |    36 |   157 |       ||   217
       Tower shield      |       |       |       |   195 ||   195
